[Event "Titled Tuesday Blitz August 15 Late 2023"]
[White "Pein, Malcolm"]
[Black "Sargsyan, Anna M."]
[WhiteFideId "400289"]
[BlackFideId "13308130"]
[WhiteElo "2292"]
[BlackElo "2567"]
[Result "0-1"]
[Round "1"]
[TimeControl "180+1"]
[Date "2023.08.15"]
[WhiteClock "0:00:12"]
[BlackClock "0:02:02"]
[Board "131"]

1. Nf3 Nf6 2. c4 g6 3. Nc3 d5 4. cxd5 Nxd5 5. e4 Nxc3 6. dxc3 Qxd1+ 7. Kxd1 Bg7 8. Bf4 c6 9. Kc2 O-O 10. a4 Nd7 11. Bc4 h6 12. h3 Kh7 13. a5 Nc5 14. Nd2 f5 15. e5 g5 16. Be3 Ne6 17. a6 b6 18. Bxe6 Bxe6 19. Nf3 f4 20. Bd2 c5 21. Rhe1 Rad8 22. b3 Kg6 23. c4 Rd7 24. Bc3 Rfd8 25. Rad1 Bf5+ 26. Kc1 Rxd1+ 27. Rxd1 Rxd1+ 28. Kxd1 Be4 29. Ne1 Bf5 30. Kd2 Bc8 31. Nd3 Bxa6 32. b4 Bxc4 33. bxc5 Bxd3 34. cxb6 Be4 35. bxa7 Ba8 36. Bb4 Bxe5 37. Bxe7 Bd4 0-1


[Site "https://www.chess.com"]

[Event "Titled Tuesday Blitz August 15 Late 2023"]
[White "Shapiro, Viktor"]
[Black "Bullen, Alex"]
[WhiteFideId "4175700"]
[BlackFideId "1801627"]
[WhiteElo "2565"]
[BlackElo "2289"]
[Result "0-1"]
[Round "1"]
[TimeControl "180+1"]
[Date "2023.08.15"]
[WhiteClock "0:00:08"]
[BlackClock "0:00:13"]
[Board "132"]

1. c4 e6 2. Nc3 d5 3. d4 h6 4. Nf3 Nf6 5. h3 Bd6 6. c5 Be7 7. Bf4 c6 8. e3 b6 9. b4 bxc5 10. bxc5 Qa5 11. Qd2 Ba6 12. Rb1 Bxf1 13. Kxf1 O-O 14. g4 Nbd7 15. Nxd5 Qa6+ 16. Kg2 exd5 17. Qc2 Ne4 18. h4 Ndf6 19. Ne5 Qc8 20. f3 Nxg4 21. Nxg4 Nf6 22. Ne5 Nd7 23. Qf5 Nxe5 24. Qxc8 Rfxc8 25. Bxe5 Re8 26. Bg3 Bf6 27. Rb3 a5 28. a4 Re6 29. h5 Rae8 30. Re1 Bxd4 31. exd4 Rxe1 32. Bxe1 Rxe1 33. Rb6 Rd1 34. Rxc6 Rxd4 35. Rc8+ Kh7 36. c6 Rxa4 37. c7 Rc4 38. Kf2 a4 39. Ke2 a3 40. Ra8 Rxc7 41. Rxa3 g6 42. Ra5 Rd7 43. Ra6 gxh5 44. Kd3 Kg7 45. Kd4 f6 46. Ra1 Kg6 47. Rh1 Kg5 48. Rg1+ Kf4 49. Rg6 f5 50. Rxh6 Kxf3 51. Rxh5 f4 52. Rg5 Kf2 53. Rf5 f3 54. Kd3 d4 55. Rf4 Kg2 56. Rg4+ Kf1 57. Rf4 f2 58. Rf8 Rd5 59. Rf7 Rg5 60. Kxd4 Kg1 61. Ke3 f1=Q 62. Rxf1+ Kxf1 0-1


[Site "https://www.chess.com"]

[Event "Titled Tuesday Blitz August 15 Late 2023"]
[White "Sariego Figueredo, Wilfredo"]
[Black "Kochiev, Ivan"]
[WhiteFideId "3500080"]
[BlackFideId "2917890"]
[WhiteElo "2287"]
[BlackElo "2564"]
[Result "0-1"]
[Round "1"]
[TimeControl "180+1"]
[Date "2023.08.15"]
[WhiteClock "0:01:12"]
[BlackClock "0:00:28"]
[Board "133"]

1. d4 Nf6 2. Bf4 e6 3. e3 c5 4. c3 d5 5. Bd3 Bd6 6. Bg3 Qc7 7. Nf3 Nbd7 8. Nbd2 O-O 9. O-O Bxg3 10. hxg3 e5 11. dxe5 Nxe5 12. Nxe5 Qxe5 13. Nf3 Qe6 14. c4 dxc4 15. Be2 b6 16. Qc2 Bb7 17. Bxc4 Qg4 18. Be2 Rad8 19. Rfd1 Qh5 20. Rxd8 Rxd8 21. Rd1 Re8 22. Rd6 Ng4 23. Nh4 Qe5 24. Rd7 Be4 25. Qb3 Nh6 26. Bc4 Qf6 27. Bd5 Bxd5 28. Qxd5 Qxb2 29. Rxa7 Qc1+ 30. Kh2 Ng4+ 31. Kh3 Nxf2+ 32. Kh2 Qh1# 0-1


[Site "https://www.chess.com"]

[Event "Titled Tuesday Blitz August 15 Late 2023"]
[White "Budrewicz, Krzysztof"]
[Black "Coelho, Ramyres Santana"]
[WhiteFideId "1127950"]
[BlackFideId "2120690"]
[WhiteElo "2564"]
[BlackElo "2282"]
[Result "1-0"]
[Round "1"]
[TimeControl "180+1"]
[Date "2023.08.15"]
[WhiteClock "0:01:06"]
[BlackClock "0:00:00"]
[Board "134"]

1. d4 Nf6 2. c4 g6 3. Nc3 d5 4. Nf3 Bg7 5. h4 O-O 6. Bf4 c5 7. dxc5 Qa5 8. Qd2 dxc4 9. e3 Qxc5 10. Be2 Nc6 11. Rd1 Bf5 12. O-O Rfd8 13. Qc1 Nb4 14. Nd4 Bd3 15. a3 Nbd5 16. Nxd5 Nxd5 17. Bxd3 Nxf4 18. Bxc4 Rac8 19. exf4 Bxd4 20. Ba2 Bxf2+ 21. Kh2 Rxd1 22. Qxd1 Bxh4 23. Qg4 Bf6 24. f5 g5 25. Qh5 Qd6+ 26. Kh1 Rf8 27. Rf3 Qd1+ 28. Kh2 Be5+ 29. g3 Qe2+ 30. Kh3 h6 31. Bd5 Qd1 32. Qg6+ 1-0


[Site "https://www.chess.com"]

[Event "Titled Tuesday Blitz August 15 Late 2023"]
[White "Rodriguez Santiago, Jaime"]
[Black "Gasparyan, David"]
[WhiteFideId "3100898"]
[BlackFideId "13311980"]
[WhiteElo "2280"]
[BlackElo "2563"]
[Result "0-1"]
[Round "1"]
[TimeControl "180+1"]
[Date "2023.08.15"]
[WhiteClock "0:00:18"]
[BlackClock "0:00:51"]
[Board "135"]

1. d4 Nf6 2. c4 e6 3. Nc3 d5 4. cxd5 exd5 5. Bg5 Be7 6. e3 h6 7. Bh4 c6 8. Bd3 O-O 9. Nge2 Bg4 10. f3 Be6 11. Qc2 Nbd7 12. O-O Rc8 13. e4 dxe4 14. fxe4 Ng4 15. Bxe7 Qxe7 16. Qd2 Rfd8 17. h3 Ngf6 18. Qf4 Nf8 19. Rae1 Ng6 20. Qf2 Qc7 21. e5 Nd5 22. Bxg6 fxg6 23. Ne4 Rf8 24. Qg3 g5 25. N2c3 Nf4 26. Nd6 Rcd8 27. Nce4 Qb6 28. Nc5 Bd5 29. Rf2 Qb4 30. Rd1 b6 31. Nce4 Bxe4 32. Nxe4 Rxd4 33. Rxd4 Qxd4 34. Nd6 Ne2+ 0-1


[Site "https://www.chess.com"]

[Event "Titled Tuesday Blitz August 15 Late 2023"]
[White "Vovk, Orest"]
[Black "Barwinska, Ewa"]
[WhiteFideId "14113490"]
[BlackFideId "21833761"]
[WhiteElo "2563"]
[BlackElo "2272"]
[Result "1-0"]
[Round "1"]
[TimeControl "180+1"]
[Date "2023.08.15"]
[WhiteClock "0:01:36"]
[BlackClock "0:00:28"]
[Board "136"]

1. g4 d5 2. h3 e5 3. Bg2 c6 4. d4 e4 5. c4 h5 6. Nc3 hxg4 7. Qb3 Nf6 8. cxd5 cxd5 9. Bg5 gxh3 10. Bxh3 Bxh3 11. Rxh3 Rxh3 12. Nxh3 Qd7 13. Bxf6 Qxh3 14. Qxb7 gxf6 15. Qxa8 Qh1+ 16. Kd2 Bh6+ 17. Kc2 Qxa1 18. Qxb8+ Kd7 19. Qb7+ Kd8 20. Qxd5+ Kc8 21. Qc6+ Kb8 22. Qe8+ Kb7 23. Qxf7+ Kb8 24. Qg8+ Kb7 25. Qh7+ Kb8 26. Qxh6 Qf1 27. Qf4+ Ka8 28. Qxe4+ Kb8 29. Qf4+ Ka8 30. Qxf6 1-0


[Site "https://www.chess.com"]

[Event "Titled Tuesday Blitz August 15 Late 2023"]
[White "Kaminski, Victor"]
[Black "Schekachikhin, Maksim"]
[WhiteFideId "1131630"]
[BlackFideId "24177830"]
[WhiteElo "2269"]
[BlackElo "2562"]
[Result "0-1"]
[Round "1"]
[TimeControl "180+1"]
[Date "2023.08.15"]
[WhiteClock "0:00:00"]
[BlackClock "0:00:44"]
[Board "137"]

1. e4 c5 2. Nf3 a6 3. c4 Nc6 4. Nc3 Nd4 5. Nxd4 cxd4 6. Ne2 e5 7. Ng3 Ne7 8. Be2 g6 9. O-O Bg7 10. d3 O-O 11. f4 d6 12. f5 f6 13. fxg6 hxg6 14. Bg4 Bxg4 15. Qxg4 Qc8 16. Qh4 b5 17. b3 Qe6 18. Bd2 bxc4 19. bxc4 Rab8 20. Rab1 Qd7 21. Rb3 Qa4 22. Rxb8 Rxb8 23. Qg4 Qc2 24. Qe6+ Kf8 25. Bg5 Rb1 26. Bxf6 Bxf6 27. Qxf6+ Ke8 28. Qxd6 Qxd3 29. Qxe5 Qe3+ 30. Kh1 Rxf1+ 31. Nxf1 Qe2 32. Qf6 d3 33. e5 d2 34. e6 d1=Q 35. Qf7+ Kd8 36. Qf8+ Kc7 37. Qxe7+ Kc6 38. Qe8+ Kc5 39. Qe7+ Kxc4 0-1


[Site "https://www.chess.com"]

[Event "Titled Tuesday Blitz August 15 Late 2023"]
[White "maksimys18"]
[Black "Ai, Evan"]
[BlackFideId "2094770"]
[WhiteElo "2561"]
[BlackElo "2265"]
[Result "1-0"]
[Round "1"]
[TimeControl "180+1"]
[Date "2023.08.15"]
[WhiteClock "0:01:32"]
[BlackClock "0:00:09"]
[Board "138"]

1. d4 Nf6 2. Nf3 e6 3. c4 d5 4. Nc3 Be7 5. Bg5 O-O 6. e3 c6 7. Rc1 Nbd7 8. cxd5 exd5 9. Bd3 Re8 10. O-O h6 11. Bf4 Nb6 12. Ne5 Bd6 13. Bb1 Qe7 14. Qc2 Nbd7 15. Ng4 Bxf4 16. exf4 Ne4 17. f3 Nef6 18. Rce1 Qd8 19. Ne5 c5 20. Nxd5 g6 21. Nxf6+ Qxf6 22. dxc5 Nxe5 23. fxe5 Rxe5 24. Qc3 Re6 25. Qxf6 Rxf6 26. Re8+ Kg7 27. Rd1 Re6 28. Rdd8 Rxe8 29. Rxe8 Rb8 30. b4 b6 31. c6 Ra8 32. Be4 1-0


[Site "https://www.chess.com"]

[Event "Titled Tuesday Blitz August 15 Late 2023"]
[White "Saucey, Michel"]
[Black "Hajiyev, Kanan"]
[WhiteFideId "601845"]
[BlackFideId "13404148"]
[WhiteElo "2264"]
[BlackElo "2560"]
[Result "1/2-1/2"]
[Round "1"]
[TimeControl "180+1"]
[Date "2023.08.15"]
[WhiteClock "0:00:12"]
[BlackClock "0:00:14"]
[Board "139"]

1. d4 Nf6 2. Nf3 d5 3. c4 e6 4. Nc3 Be7 5. Bg5 O-O 6. e3 h6 7. Bh4 Ne4 8. Bxe7 Qxe7 9. Rc1 c6 10. Bd3 Nxc3 11. Rxc3 dxc4 12. Bxc4 Nd7 13. O-O e5 14. Bb3 e4 15. Nd2 Kh8 16. f3 exf3 17. Qxf3 Nf6 18. e4 Bg4 19. Qf4 Bh5 20. e5 Nd5 21. Bxd5 cxd5 22. Nf3 Rac8 23. Nh4 Rxc3 24. bxc3 Qg5 25. Nf5 Qxf4 26. Rxf4 Rc8 27. Nd6 Rxc3 28. g4 Bg6 29. Nxf7+ Kg8 30. Nd6 Rc2 31. Nf5 Bxf5 32. gxf5 Rxa2 33. f6 gxf6 34. Rxf6 Rd2 35. Rxh6 Rxd4 36. Rd6 a5 37. Rd8+ Kf7 38. Rd7+ Ke6 39. Rxb7 Kxe5 40. Ra7 Ra4 41. Kg2 d4 42. h4 Kf4 43. h5 Ra2+ 44. Kf1 Kg5 45. Rd7 Ra4 46. Ke2 Kxh5 47. Kd3 Ra1 48. Rxd4 Kg5 49. Kc3 Kf5 50. Rd8 Ke5 51. Kb3 Rb1+ 52. Ka4 Ra1+ 53. Kb3 Rc1 54. Ka4 Ra1+ 55. Kb3 1/2-1/2


[Site "https://www.chess.com"]

[Event "Titled Tuesday Blitz August 15 Late 2023"]
[White "Sreyas Payyappat"]
[Black "Garrido, Denis"]
[WhiteFideId "46674969"]
[BlackFideId "601217"]
[WhiteElo "2559"]
[BlackElo "2259"]
[Result "1-0"]
[Round "1"]
[TimeControl "180+1"]
[Date "2023.08.15"]
[WhiteClock "0:00:24"]
[BlackClock "0:00:52"]
[Board "140"]

1. e4 e6 2. d4 d5 3. Nc3 Nf6 4. Bg5 dxe4 5. Nxe4 Be7 6. Bxf6 gxf6 7. Nf3 f5 8. Ned2 a6 9. Nc4 Bf6 10. c3 Nd7 11. Bd3 b5 12. Ne3 Bb7 13. d5 Nc5 14. Bc2 O-O 15. O-O Kh8 16. Nd4 Rg8 17. b4 Bxd4 18. Qxd4+ f6 19. Qxc5 f4 20. Nd1 Bxd5 21. f3 Rg5 22. Qd4 Qe7 23. Nb2 Rag8 24. Rf2 Qg7 25. Qd2 Bxf3 26. Kf1 Bxg2+ 27. Ke1 Re5+ 28. Kd1 Bf3+ 29. Kc1 Qg1+ 30. Nd1 Qh1 31. Kb2 Rg1 32. Qxf4 Bxd1 33. Qxf6+ Rg7 34. Rxd1 1-0


[Site "https://www.chess.com"]

[Event "Titled Tuesday Blitz August 15 Late 2023"]
[White "Kula, Robert"]
[Black "Garakov, Mikhael"]
[WhiteFideId "1101218"]
[BlackFideId "4169034"]
[WhiteElo "2256"]
[BlackElo "2558"]
[Result "1-0"]
[Round "1"]
[TimeControl "180+1"]
[Date "2023.08.15"]
[WhiteClock "0:00:45"]
[BlackClock "0:00:00"]
[Board "141"]

1. d4 c5 2. d5 g6 3. c4 Bg7 4. e4 d6 5. Nc3 e6 6. Bd3 Ne7 7. Nge2 O-O 8. O-O exd5 9. cxd5 f5 10. f3 a6 11. a4 Nd7 12. Bg5 Ne5 13. Bc2 h6 14. Bh4 g5 15. Bg3 f4 16. Bf2 N7g6 17. Rb1 h5 18. b4 b6 19. a5 g4 20. fxg4 Nxg4 21. axb6 Nxf2 22. Rxf2 Qxb6 23. bxc5 Qxc5 24. Na4 Qa7 25. Nb6 Rb8 26. Nxc8 Rbxc8 27. Kf1 Ne5 28. h3 Nc4 29. Rf3 Ne3+ 30. Rxe3 fxe3+ 31. Kg1 Rf2 32. Kh1 Qe7 33. Bd3 Qg5 34. Qg1 1-0


[Site "https://www.chess.com"]

[Event "Titled Tuesday Blitz August 15 Late 2023"]
[White "Keleberda, Tymur"]
[Black "Ardila, Oscar Humberto"]
[WhiteFideId "14174294"]
[BlackFideId "4404742"]
[WhiteElo "2556"]
[BlackElo "2255"]
[Result "1-0"]
[Round "1"]
[TimeControl "180+1"]
[Date "2023.08.15"]
[WhiteClock "0:00:12"]
[BlackClock "0:00:01"]
[Board "142"]

1. e4 e5 2. Nf3 Nf6 3. Nxe5 d6 4. Nf3 Nxe4 5. Nc3 Nxc3 6. dxc3 Be7 7. Be3 O-O 8. Qd2 Nd7 9. O-O-O Nf6 10. Bd3 c5 11. c4 b5 12. cxb5 a6 13. bxa6 Qb6 14. Qc3 Bxa6 15. a3 Rfb8 16. Rhe1 d5 17. Bxa6 d4 18. Nxd4 Qxa6 19. Nf5 Bf8 20. Bg5 Ng4 21. Bf4 Nxf2 22. Rd2 Qg6 23. Nh4 Qg4 24. Rxf2 Re8 25. Bg3 Rxe1+ 26. Qxe1 c4 27. Nf3 c3 28. Qxc3 Rc8 29. Qd3 Qa4 30. Re2 h5 31. Re4 Qc6 32. Ne5 Qc5 33. Re3 Qc6 34. Nxc6 1-0


[Site "https://www.chess.com"]

[Event "Titled Tuesday Blitz August 15 Late 2023"]
[White "LuxLinster"]
[Black "Chor, Kevin"]
[BlackFideId "2090740"]
[WhiteElo "2253"]
[BlackElo "2556"]
[Result "0-1"]
[Round "1"]
[TimeControl "180+1"]
[Date "2023.08.15"]
[WhiteClock "0:00:00"]
[BlackClock "0:00:03"]
[Board "143"]

1. d4 Nf6 2. c4 g6 3. Nc3 Bg7 4. e4 d6 5. f4 O-O 6. Nf3 e5 7. fxe5 dxe5 8. d5 Na6 9. Bd3 Nc5 10. O-O a5 11. Bg5 Qe8 12. Qd2 Nh5 13. Rae1 c6 14. Kh1 f5 15. exf5 gxf5 16. Bc2 e4 17. Nd4 Qg6 18. Be3 Bd7 19. Nxf5 Bxf5 20. Bxc5 e3 21. Qxe3 Bxc2 22. Bxf8 Rxf8 23. Rxf8+ Bxf8 24. dxc6 bxc6 25. Qe6+ Kg7 26. Qxg6+ hxg6 27. Re6 c5 28. Ra6 Nf4 29. Rxa5 Nd3 30. b3 Bd6 31. g3 Be5 32. Nd5 Ne1 33. Kg1 Bd4+ 34. Kf1 Nf3 35. Ke2 Nxh2 36. Ra7+ Kh6 37. Ne3 Be4 38. a4 Bb1 39. a5 Ba2 40. Rb7 Bxe3 41. Kxe3 Nf1+ 42. Kd3 Nxg3 43. a6 Bb1+ 0-1


[Site "https://www.chess.com"]

[Event "Titled Tuesday Blitz August 15 Late 2023"]
[White "Deng, Henry"]
[Black "Cooper, Aaron"]
[WhiteFideId "30965454"]
[BlackFideId "2634945"]
[WhiteElo "2555"]
[BlackElo "2251"]
[Result "1-0"]
[Round "1"]
[TimeControl "180+1"]
[Date "2023.08.15"]
[WhiteClock "0:00:26"]
[BlackClock "0:00:30"]
[Board "144"]

1. e4 d5 2. exd5 Qxd5 3. Nc3 Qd6 4. Nf3 Nf6 5. d4 a6 6. Ne5 Nc6 7. Nxc6 Qxc6 8. Be3 e6 9. a3 Be7 10. Qd2 O-O 11. Bd3 Rd8 12. O-O b5 13. Be2 Rb8 14. Bf3 Qd7 15. Bf4 Bb7 16. Bxb7 Rxb7 17. Rad1 c5 18. dxc5 Qxd2 19. Bxd2 Bxc5 20. Bg5 Rbd7 21. Bxf6 gxf6 22. Rxd7 Rxd7 23. Rd1 Rxd1+ 24. Nxd1 f5 25. Kf1 Kg7 26. Ke2 Kf6 27. f3 h5 28. Nf2 Bd4 29. b3 Be5 30. h3 Bd6 31. a4 bxa4 32. bxa4 Ke5 33. Kd3 Kd5 34. Nd1 Kc5 35. Kc3 Be5+ 36. Kb3 Kd4 37. Nb2 Ke3 38. Nc4+ Kf4 39. g3+ Kxf3 40. Nxe5+ Kxg3 41. c4 f4 42. c5 f3 43. Nxf3 Kxf3 44. c6 e5 45. c7 e4 46. c8=Q e3 47. Qf5+ Kg2 48. Qxf7 e2 49. Qg6+ Kf1 50. Qf5+ Kg1 51. Qg5+ Kf1 52. Qf4+ Kg2 53. Qe3 Kf1 54. Qf3+ Ke1 55. Qxh5 Kd2 56. Qxe2+ Kxe2 57. h4 1-0


[Site "https://www.chess.com"]

[Event "Titled Tuesday Blitz August 15 Late 2023"]
[White "Fernandez Hernandez, Gerardo"]
[Black "Khater, Sherif"]
[WhiteFideId "2207400"]
[BlackFideId "2034280"]
[WhiteElo "2249"]
[BlackElo "2555"]
[Result "0-1"]
[Round "1"]
[TimeControl "180+1"]
[Date "2023.08.15"]
[WhiteClock "0:00:00"]
[BlackClock "0:01:18"]
[Board "145"]

1. e4 a6 2. d3 c6 3. g3 d5 4. Nd2 g6 5. Bg2 Bg7 6. f4 e5 7. fxe5 Bxe5 8. Ngf3 Bg7 9. O-O Ne7 10. Qe2 O-O 11. c3 Nd7 12. a3 Nc5 13. d4 Nxe4 14. Nxe4 dxe4 15. Qxe4 Bf5 16. Qe2 c5 17. Be3 Nd5 18. Ne5 Nxe3 19. Qxe3 cxd4 20. cxd4 Qb6 21. Rf2 Rfe8 22. Re1 Rad8 23. Qf4 Rxd4 24. Qe3 Rd6 25. Qxb6 Rxb6 26. Nd3 Rxe1+ 27. Nxe1 Bd4 28. b4 a5 29. Kf1 axb4 30. Rd2 bxa3 31. Rxd4 a2 32. Ra4 Ra6 0-1


[Site "https://www.chess.com"]

[Event "Titled Tuesday Blitz August 15 Late 2023"]
[White "Paszewski, Mateusz"]
[Black "De Souza, Cristiano Gomes"]
[WhiteFideId "1141058"]
[BlackFideId "2151758"]
[WhiteElo "2554"]
[BlackElo "2242"]
[Result "1-0"]
[Round "1"]
[TimeControl "180+1"]
[Date "2023.08.15"]
[WhiteClock "0:00:31"]
[BlackClock "0:01:31"]
[Board "146"]

1. Nf3 f6 2. e4 g6 3. d4 Bg7 4. c4 Nh6 5. Nc3 Nf7 6. Be3 O-O 7. Qd2 e5 8. Be2 d6 9. h3 f5 10. dxe5 Nxe5 11. Nxe5 Bxe5 12. Bh6 Bg7 13. Bxg7 Kxg7 14. O-O-O Nc6 15. exf5 Bxf5 16. g4 Be6 17. f4 Qf6 18. Rhf1 Rae8 19. Ne4 Qe7 20. Qc3+ Kf7 21. Bf3 h6 22. f5 Bd7 23. Rde1 Qd8 24. Nxd6+ cxd6 25. Bd5+ Be6 26. fxe6+ 1-0


[Site "https://www.chess.com"]

[Event "Titled Tuesday Blitz August 15 Late 2023"]
[White "Vaglio Munoz, Jaime"]
[Black "Bilan, Danila"]
[WhiteFideId "6500145"]
[BlackFideId "24161918"]
[WhiteElo "2242"]
[BlackElo "2552"]
[Result "0-1"]
[Round "1"]
[TimeControl "180+1"]
[Date "2023.08.15"]
[WhiteClock "0:01:57"]
[BlackClock "0:00:22"]
[Board "147"]

1. Nf3 d5 2. c4 c6 3. b3 Nf6 4. Bb2 Bf5 5. g3 e6 6. Bg2 Nbd7 7. O-O h6 8. d3 Bc5 9. h3 Qc7 10. a3 a5 11. Bc3 Bb6 12. b4 axb4 13. axb4 Rxa1 14. Bxa1 O-O 15. c5 Ba7 16. Nd4 Bg6 17. Nd2 b6 18. cxb6 Bxb6 19. N2b3 e5 20. Nf3 e4 21. dxe4 Nxe4 22. Nh4 Qxg3 23. Nxg6 Bxf2+ 24. Kh1 fxg6 25. Qd3 Qxd3 26. exd3 Ng3+ 27. Kh2 Nxf1+ 28. Bxf1 Be1 29. Kg1 Bxb4 30. d4 Nf6 31. Bd3 Ne4 32. Nc5 Nxc5 33. dxc5 Bxc5+ 34. Kg2 Kf7 35. h4 d4 36. Bb2 Ra8 37. Bc4+ Kf6 38. Kf3 Ra4 39. Bg8 g5 40. h5 Bd6 41. Bh7 Be5 42. Bg6 c5 43. Ke4 d3+ 44. Kxd3 Bxb2 45. Kc2 Be5 46. Be8 Rd4 47. Bg6 g4 48. Be8 g3 49. Bc6 Bf4 50. Kc3 Kg5 51. Bg2 Kxh5 52. Bc6 Kg5 53. Be8 h5 54. Bc6 h4 55. Bg2 Kg4 56. Bd5 Rxd5 57. Kc4 Re5 58. Kd3 c4+ 59. Kxc4 g2 60. Kd3 g1=Q 61. Kc4 Qc1+ 62. Kd3 Re3+ 63. Kd4 Qc3+ 64. Kd5 Re5+ 65. Kd6 Qc5+ 66. Kd7 Re7+ 67. Kd8 Qc7# 0-1


[Site "https://www.chess.com"]

[Event "Titled Tuesday Blitz August 15 Late 2023"]
[White "Grossboss19"]
[Black "Schut, Han"]
[BlackFideId "1005561"]
[WhiteElo "2551"]
[BlackElo "2238"]
[Result "1/2-1/2"]
[Round "1"]
[TimeControl "180+1"]
[Date "2023.08.15"]
[WhiteClock "0:00:11"]
[BlackClock "0:00:05"]
[Board "148"]

1. c4 Nf6 2. Nf3 g6 3. g3 Bg7 4. Bg2 O-O 5. O-O d5 6. cxd5 Nxd5 7. Nc3 c5 8. Nxd5 Qxd5 9. d3 Qd6 10. Qc2 Nc6 11. a3 e5 12. Be3 b6 13. Nd2 Bd7 14. Rac1 Rac8 15. Nc4 Qe7 16. Qd2 Rfe8 17. Rfe1 f6 18. Bh6 Bh8 19. h4 Be6 20. Ne3 Nd4 21. Qd1 Red8 22. Rc3 b5 23. Qb1 a5 24. Bf1 b4 25. axb4 cxb4 26. Rxc8 Rxc8 27. Nc4 a4 28. Rc1 a3 29. bxa3 bxa3 30. e3 Nf3+ 31. Kg2 Bxc4 32. Rxc4 Rxc4 33. dxc4 Nd2 34. Qb8+ Kf7 35. Qxh8 Qb7+ 36. Kg1 Nf3+ 37. Kg2 Nd2+ 38. Kg1 Nf3+ 39. Kh1 Nd2+ 40. Bg2 Qb1+ 41. Kh2 Nf1+ 42. Bxf1 Qxf1 43. Qxh7+ Ke6 44. Qg8+ Kf5 45. Qc8+ Ke4 46. Qc6+ Kd3 47. Qd5+ Kc2 48. c5 Qxf2+ 49. Kh3 Qf1+ 50. Kh2 Qf2+ 51. Kh3 Qf1+ 52. Kh2 Qf2+ 1/2-1/2


[Site "https://www.chess.com"]

[Event "Titled Tuesday Blitz August 15 Late 2023"]
[White "Kohler, Aran"]
[Black "Loay, Sameer"]
[WhiteFideId "1002856"]
[BlackFideId "8104239"]
[WhiteElo "2234"]
[BlackElo "2551"]
[Result "0-1"]
[Round "1"]
[TimeControl "180+1"]
[Date "2023.08.15"]
[WhiteClock "0:00:15"]
[BlackClock "0:00:33"]
[Board "149"]

1. d4 Nf6 2. Nf3 g6 3. Bg5 Bg7 4. Nbd2 O-O 5. e3 d6 6. c3 Nbd7 7. Bd3 b6 8. h4 h6 9. h5 gxh5 10. Bh4 e5 11. Ne4 Bb7 12. Qc2 exd4 13. cxd4 Re8 14. Bxf6 Nxf6 15. Nxf6+ Qxf6 16. Rxh5 c5 17. Rf5 Qe6 18. Bc4 d5 19. Bb5 Rec8 20. Rf4 cxd4 21. Qd2 dxe3 22. fxe3 a6 23. Bd3 Re8 24. Kf2 d4 25. exd4 Bxf3 26. Rxf3 Bxd4+ 27. Kf1 Bg7 28. Bf5 Qc4+ 29. Kg1 Qd4+ 30. Qxd4 Bxd4+ 31. Kh2 Bxb2 32. Rb1 Be5+ 33. Kh3 b5 34. Be4 Rad8 35. Bb7 Rd6 36. Re1 Re7 37. Ba8 f6 38. Be4 Rg7 39. Rd3 Rxd3+ 0-1


[Site "https://www.chess.com"]

[Event "Titled Tuesday Blitz August 15 Late 2023"]
[White "Postlmayer, Jakob"]
[Black "laidfrq"]
[WhiteFideId "1643622"]
[WhiteElo "2551"]
[BlackElo "2234"]
[Result "1-0"]
[Round "1"]
[TimeControl "180+1"]
[Date "2023.08.15"]
[WhiteClock "0:00:12"]
[BlackClock "0:00:00"]
[Board "150"]

1. e4 c5 2. Nf3 e6 3. c3 Nf6 4. e5 Nd5 5. g3 d6 6. exd6 Bxd6 7. Bg2 O-O 8. O-O Nc6 9. d4 cxd4 10. Nxd4 Nxd4 11. Qxd4 Nf6 12. Rd1 Bc7 13. Be3 e5 14. Qxd8 Rxd8 15. Na3 Rxd1+ 16. Rxd1 a6 17. Nc4 Rb8 18. Nb6 Be6 19. b3 h6 20. h3 Kf8 21. c4 Ke8 22. Kf1 Nd7 23. Nd5 Bxd5 24. Rxd5 Nf6 25. Rd2 Ke7 26. a4 b6 27. Ke2 Rd8 28. Rxd8 Kxd8 29. Bc6 Ke7 30. b4 a5 31. c5 bxc5 32. Bxc5+ Bd6 33. Bxd6+ Kxd6 34. b5 Kc5 35. Kd3 Ng8 36. Ke4 f6 37. Bd5 Ne7 38. Bf7 Nc8 39. Kf5 Nb6 40. Bb3 Kb4 41. Bd1 Kc3 42. Kg6 Kd2 43. Bg4 Nxa4 44. Kxg7 Nb6 45. Kxf6 a4 46. Be6 a3 47. Kxe5 Kc3 48. Ba2 Kb2 49. Be6 Kc3 50. Kf5 Nc4 51. Bxc4 Kxc4 52. b6 a2 53. b7 a1=Q 54. b8=Q Qf1 55. Qf4+ Kb3 56. h4 Qd3+ 57. Qe4 Qf1 58. Qe3+ Ka2 59. Kg6 Qb1+ 60. Kxh6 Qb8 61. Kg5 Qg8+ 62. Kf4 Qf7+ 63. Ke4 Qe6+ 64. Kf3 Qd5+ 65. Qe4 Qf7+ 66. Kg2 Qf8 67. Qf3 Qe7 68. h5 Ka1 69. Qd5 Qg7 70. Qc6 Qe7 71. h6 Qh7 72. g4 Qg8 73. Kg3 Qb8+ 74. f4 Qb3+ 75. Qf3 Qg8 76. g5 Qb3 77. Kg4 Qe6+ 78. f5 Qc4+ 79. Kh5 Qf7+ 80. g6 Qb3 81. Qg4 Qd3 82. h7 Qd5 83. h8=Q+ Qd4 84. Qhxd4+ 1-0


[Site "https://www.chess.com"]

[Event "Titled Tuesday Blitz August 15 Late 2023"]
[White "Kalaiyalahan, Akshaya"]
[Black "Karamsetty, Jeevan"]
[WhiteFideId "422894"]
[BlackFideId "2025337"]
[WhiteElo "2233"]
[BlackElo "2545"]
[Result "0-1"]
[Round "1"]
[TimeControl "180+1"]
[Date "2023.08.15"]
[WhiteClock "0:01:01"]
[BlackClock "0:00:11"]
[Board "151"]

1. Nf3 Nf6 2. g3 g6 3. Bg2 Bg7 4. O-O O-O 5. d3 d5 6. Qe1 Re8 7. e4 dxe4 8. dxe4 e5 9. Nc3 Nc6 10. Bg5 h6 11. Rd1 Bd7 12. Bxf6 Bxf6 13. Bh3 Bxh3 14. Rxd8 Raxd8 15. Nd5 Bg7 16. Nxc7 Re7 17. Nd5 Red7 18. c3 f5 19. c4 Rf8 20. Qe2 fxe4 21. Rd1 exf3 22. Qc2 Nd4 23. Rxd4 exd4 24. Qxg6 Kh8 25. Nf4 Rxf4 26. gxf4 Re7 27. Qb1 d3 28. Qd1 Rd7 29. Qxf3 d2 30. Qd1 Bg4 0-1


[Site "https://www.chess.com"]

[Event "Titled Tuesday Blitz August 15 Late 2023"]
[White "Lima, Kleyton Alcantara"]
[Black "Zampronha, Wladimir Camilo"]
[WhiteFideId "22718397"]
[BlackFideId "2103087"]
[WhiteElo "2541"]
[BlackElo "2231"]
[Result "1-0"]
[Round "1"]
[TimeControl "180+1"]
[Date "2023.08.15"]
[WhiteClock "0:01:40"]
[BlackClock "0:00:53"]
[Board "152"]

1. e4 c5 2. Nf3 e6 3. d4 cxd4 4. Nxd4 Nc6 5. Nc3 Qc7 6. Qd3 a6 7. Nxc6 bxc6 8. Qg3 e5 9. f4 d6 10. Bc4 Be6 11. Bxe6 fxe6 12. fxe5 dxe5 13. O-O Nf6 14. Be3 Rb8 15. b3 Bb4 16. Na4 O-O 17. Qh3 Nxe4 18. Qxe6+ Kh8 19. Rxf8+ Rxf8 20. Qc4 1-0


[Site "https://www.chess.com"]

[Event "Titled Tuesday Blitz August 15 Late 2023"]
[White "Fernandez Bustamante, Leancy B."]
[Black "Kupervaser, Erez"]
[WhiteFideId "3523870"]
[BlackFideId "2814587"]
[WhiteElo "2228"]
[BlackElo "2535"]
[Result "0-1"]
[Round "1"]
[TimeControl "180+1"]
[Date "2023.08.15"]
[WhiteClock "0:00:00"]
[BlackClock "0:00:49"]
[Board "153"]

1. e4 c5 2. Nf3 Nc6 3. Bb5 g6 4. Bxc6 bxc6 5. O-O Bg7 6. Re1 d6 7. h3 Nh6 8. c3 O-O 9. d4 cxd4 10. cxd4 f6 11. Qb3+ Nf7 12. e5 Qc7 13. Bf4 Rb8 14. Qc2 fxe5 15. dxe5 Nxe5 16. Bxe5 dxe5 17. Nbd2 Be6 18. Rac1 Bd5 19. b3 Rf4 20. Qc5 Qd6 21. Re3 Rbf8 22. Qxa7 e4 23. Nh2 Rxf2 24. Nxe4 Bxe4 25. Rxe4 Qd2 0-1


[Site "https://www.chess.com"]

[Event "Titled Tuesday Blitz August 15 Late 2023"]
[White "Osmak, Yuliia"]
[Black "Alexikov, Alexander"]
[WhiteFideId "14101602"]
[BlackFideId "14103958"]
[WhiteElo "2533"]
[BlackElo "2227"]
[Result "1-0"]
[Round "1"]
[TimeControl "180+1"]
[Date "2023.08.15"]
[WhiteClock "0:02:25"]
[BlackClock "0:00:08"]
[Board "154"]

1. Nf3 c5 2. b3 Nc6 3. Bb2 d6 4. e3 Bd7 5. d4 e6 6. c4 Nf6 7. d5 exd5 8. cxd5 Nb4 9. Nc3 Qa5 10. e4 Be7 11. a3 Na6 12. Bd3 O-O 13. O-O Rfe8 14. e5 dxe5 15. Nxe5 Rad8 16. Nc4 Qc7 17. d6 Bxd6 18. Nxd6 Re7 19. Ncb5 Qb8 20. Bxf6 gxf6 21. Qh5 1-0


[Site "https://www.chess.com"]